 Dungeon Crawl Stone Soup version 0.31-a0-816-gd61d57ddb1 (webtiles) character file.

Game seed: 17021895024753258040

15450 Essalna the Destroyer (level 12, -4/95 HPs)
             Began as a Demonspawn Conjurer on Sept 20, 2023.
             Was a Priest of Vehumet.
             Slain by an orc knight
             ... wielding a +3 long sword of electrocution
              (12 damage)
             ... on level 2 of the Orcish Mines on Sept 22, 2023.
             The game lasted 00:32:43 (13613 turns).

Essalna the Destroyer (Demonspawn Conjurer)        Turns: 13613, Time: 00:32:43

Health: -4/95      AC: 14    Str:  8    XL:     12   Next: 1%
Magic:  6/21       EV: 14    Int: 24    God:    Vehumet [***...]
Gold:   1004       SH:  5    Dex: 18    Spells: 15/23 levels left

rFire   + + +        y - +5 hand axe of Uncomfortable Rashes {flame, rF+}
rCold   . . .        (no shield)
rNeg    + . .        S - +0 troll leather armour
rPois   .            x - +2 hat
rElec   .            (no cloak)
rCorr   .            A - +0 pair of gloves of the Harvest Moon {rF++ rN+ Dex+6}
SInv    +            q - +0 pair of boots
Will    .....        m - amulet of reflection
Stlth   ++           D - ring of see invisible
HPRegen 1.15/turn    t - +4 ring of protection
MPRegen 0.17/turn

%: reflection
@: no status effects
A: antennae 1, powered by death 3, sharp scales 2
a: Renounce Religion


You were on level 2 of the Orcish Mines.
You worshipped Vehumet.
Vehumet was most pleased with you.
You visited 4 branches of the dungeon, and saw 14 of its levels.
You also visited: Sewer.

You collected 1004 gold pieces.

Inventory:

Hand Weapons
 c - a +0 dagger
 k - a +3 short sword of draining
 y - the +5 hand axe of Uncomfortable Rashes (weapon) {flame, rF+}
   (You found it on level 4 of the Dungeon)

   rF+:       It protects you from fire.
Armour
 a - a +0 robe
 j - a +0 pair of boots
 q - a +0 pair of boots (worn)
 x - a +2 hat (worn)
 A - the +0 pair of gloves of the Harvest Moon (worn) {rF++ rN+ Dex+6}
   (You found it on level 4 of the Dungeon)

   Dex+6:     It affects your dexterity (+6).
   rF++:      It greatly protects you from fire.
   rN+:       It protects you from negative energy.
 K - the +0 robe "Mettepeh" {Archmagi}
   (You found it on level 6 of the Dungeon)

   Archmagi:  It increases the power of your magical spells.
 O - +0 steam dragon scales
 S - a +0 troll leather armour (worn)
Jewellery
 i - a +6 ring of dexterity
 m - an amulet of reflection (around neck)
 t - a +4 ring of protection (right hand)
 D - a ring of see invisible (left hand)
 Q - a +6 ring of dexterity
Wands
 z - a wand of flame (87)
 I - a wand of roots (5)
 L - a wand of polymorph (10)
 M - a wand of charming (8)
Scrolls
 d - 2 scrolls of fog
 g - 10 scrolls of identify
 n - 2 scrolls of vulnerability
 s - 3 scrolls of enchant armour {unknown}
 u - 2 scrolls of teleportation {unknown}
 v - a scroll of noise {unknown}
 w - 4 scrolls of poison {unknown}
 B - a scroll of brand weapon {unknown}
 C - 3 scrolls of fear {unknown}
 H - 2 scrolls of amnesia {unknown}
 J - a scroll of immolation {unknown}
Potions
 b - a potion of berserk rage {unknown}
 e - 3 potions of attraction
 f - 4 potions of curing
 h - 4 potions of lignification {unknown}
 l - a potion of might {unknown}
 o - 3 potions of degeneration {unknown}
 r - a potion of brilliance {unknown}
 E - 2 potions of enlightenment
 F - a potion of ambrosia {unknown}
 N - a potion of haste {unknown}
 P - 4 potions of mutation {unknown}


   Skills:
 + Level 9.3 Fighting
 - Level 6.0 Armour
 - Level 6.0 Dodging
 - Level 1.7 Stealth
 - Level 6.0 Spellcasting
 + Level 11.8 Conjurations
 + Level 7.0 Fire Magic


You had 15 spell levels left.
You knew the following spells:

 Your Spells              Type           Power      Damage    Failure   Level
a - Magic Dart            Conj           100%       1d8       1%          1
b - Searing Ray           Conj           100%       2d8       1%          2
c - Fireball              Conj/Fire      25%        3d11      1%          5

Your spell library contained the following spells:

 Spells                   Type           Power      Damage    Failure   Level
 Flame Wave               Conj/Fire      51%        2d13      1%          4
 Momentum Strike          Conj/Tloc      70%        3d9       1%          2
 Static Discharge         Conj/Air       70%        2-5/arc   1%          2
 Dazzling Flash           Conj/Hex       70%        N/A       1%          3
 Hailstorm                Conj/Ice       35%        3d9       1%          3
 Mephitic Cloud           Conj/Pois/Air  26%        N/A       1%          3
 Fulminant Prism          Conj/Hex       17%        3d10      2%          4
 Iskenderun's Mystic Bla  Conj/Tloc      35%        2d8       2%          4
 Freeze                   Ice            28%        1d5       3%          1
 Poisonous Vapours        Pois/Air       14%        N/A       4%          2
 Frozen Ramparts          Ice            14%        1d3       9%          3
 Blink                    Tloc           14%        N/A       16%         2
 Cigotuvi's Dreadful Rot  Necr/Pois/Air  14%        N/A       16%         2
 Lesser Beckoning         Tloc           14%        N/A       16%         2
 Freezing Cloud           Conj/Ice/Air   13%        6-21      16%         5
 Airstrike                Air            3%         2d(1-17)  26%         4
 Cause Fear               Hex            3%         N/A       71%         4
 Dispel Undead            Necr           7%         3d8       71%         4
 Summon Lightning Spire   Summ/Air       7%         N/A       71%         4
 Agony                    Necr           7%         N/A       96%         5
 Silence                  Hex/Air        3%         N/A       96%         5
 Death Channel            Necr           3%         N/A       100%        6
 Dragon's Call            Summ           3%         N/A       100%        9


Dungeon Overview and Level Annotations

Branches:
Dungeon (10/15)            Temple (1/1) D:5            Lair (1/5) D:10
    Orc (2/2) D:9           Sewer (visited)
    Elf: Orc:2

Altars:
Ashenzari
Cheibriados
Dithmenos
Fedhas
Gozag
Hepliaklqana
Kikubaaqudgha
Makhleb
Nemelex Xobeh
Okawaru
Qazlal
Ru
Sif Muna
Trog
Uskayaw
Vehumet
Wu Jian
Xom
Yredelemnul

Shops:
D:1 [:[(   D:5 [   D:9 *[?


Innate Abilities, Weirdness & Mutations

You have a pair of small antennae on your head.
You regenerate a lot of health from kills.
You are mostly covered in razor-sharp scales. (AC +2, Slay +2)


Message History

The orc hits you but does no damage. You block the orc warrior's attack.
The orc knight hits you but does no damage.
You hit the orc knight but do no damage.
The orc knight is almost dead.
You hit the orc warrior. You burn the orc warrior.
You kill the orc warrior!
Vehumet accepts your kill.
You feel your power returning. You block the orc's attack.
The orc knight barely misses you.
You barely miss the orc knight.
The orc knight is almost dead.
The orc misses you.
The orc knight hits you with a +3 long sword of electrocution!
* * * LOW HITPOINT WARNING * * *
Okay, then.
Unknown command.
Unknown command.
Okay, then.
Okay, then.
Unknown command.
Casting: Searing Ray (safe; 1% risk of failure)
Confirm with . or Enter, or press ? or * to list all spells.
Okay, then.
Casting: Searing Ray (safe; 1% risk of failure)
Confirm with . or Enter, or press ? or * to list all spells.
Aiming: Searing Ray (safe; 1% risk of failure)
Press: ? - help, Shift-Dir - straight line, f/p - orc knight
Aim: an orc knight, wielding a +3 long sword of electrocution and wearing a +0 plate armour (almost dead, 83% to hit)
The searing ray hits the orc knight but does no damage.
The orc knight is almost dead. (Press . to maintain the ray.)
The orc closely misses you.
The orc knight hits you with a +3 long sword of electrocution!
* * * LOW HITPOINT WARNING * * *
The searing ray hits the orc knight but does no damage.
The orc knight is almost dead.
The orc completely misses you.
The orc knight hits you but does no damage.
You are electrocuted!
You die...

#....#. #....#
#....#. #o...# '..
.§. #....+
#.####.#####.####
#.#. #....).....#
...####.'
#.....####.#
...'o.o.# #..⌠..#
o. #)####...))# #
#@o.......)#
####.#####.####.#.
#.#...#....).'.
#.#...#.#....#.
#.##'##)#....#
#....)..#......
##'###.###+###+#
#...##'##
#...#8)8#


You could see an orc knight and an orc (strong).

Vanquished Creatures
  A tengu warrior (D:10)
  5 two-headed ogres
  An orc sorcerer (Orc:1)
  Maurice (D:8)
  An unseen horror (D:10)
  Jeremiah (D:8)
  2 trolls
  Sigmund (D:3)
  A shadow (D:10)
  25 yaks
  2 vampires
  2 steam dragons
  3 wargs
  2 water moccasins
  A sky beast (D:5)
  Duvessa (D:4)
  16 orc warriors
  7 ogres
  3 centaurs
  A phantom (D:5)
  4 kobold brigands
  8 scorpions
  5 wights (D:9)
  Dowan (D:4)
  A killer bee (D:9)
  2 howler monkeys
  5 hounds
  5 jellies
  8 orc priests
  A sleepcap (D:5)
  A gnoll bouda (D:6)
  2 iguanas
  17 orc wizards
  13 gnolls
  9 adders
  3 river rats
  2 white imps
  A dart slug (D:1)
  3 worms
  64 orcs
  7 bats
  6 endoplasms
  6 giant cockroaches
  5 goblins
  10 hobgoblins
  2 jackals (Sewer)
  31 kobolds
  4 quokkas
  4 ball pythons
  2 frilled lizards
  7 rats
316 creatures vanquished.

Vanquished Creatures (others)
  5 dream sheep (D:10)
5 creatures vanquished.

Grand Total: 321 creatures vanquished

Notes
Turn   | Place    | Note
-------+----------+-------------------------------------------
     0 | D:1      | Essalna the Demonspawn Conjurer began the quest for the
                  | Orb.
     0 | D:1      | Reached XP level 1. HP: 13/13 MP: 3/3
    86 | D:1      | Gained mutation: You regenerate a little health from kills.
                  | [demonic ancestry]
    86 | D:1      | Reached XP level 2. HP: 8/19 MP: 5/5
   261 | D:1      | Found Sustayl's Antique Armour Shop.
   518 | D:1      | Found Mudyups's Antique Weapon Shop.
   631 | D:1      | Found Fubryhoi's Book Boutique.
   673 | D:1      | Found Renungur's Armour Shop.
   938 | D:2      | Gained mutation: You have a pair of small antennae on your
                  | head. [demonic ancestry]
   938 | D:2      | Reached XP level 3. HP: 24/24 MP: 5/7
  1518 | D:2      | Learned a level 2 spell: Searing Ray
  1904 | D:3      | Noticed Sigmund
  1915 | D:3      | Killed Sigmund
  1916 | D:3      | Reached skill level 5 in Conjurations
  1916 | D:3      | Reached XP level 4. HP: 30/30 MP: 3/10
  1916 | D:3      | Gained mutation: You are partially covered in razor-sharp
                  | scales. (AC +1, Slay +1) [demonic ancestry]
  1916 | D:3      | Reached XP level 5. HP: 35/35 MP: 3/11
  1929 | D:3      | Reached XP level 6. HP: 33/41 MP: 0/12
  1960 | D:3      | Reached skill level 6 in Conjurations
  3182 | D:4      | Reached skill level 5 in Spellcasting
  3372 | D:4      | Identified the +5 hand axe of Uncomfortable Rashes {flame,
                  | rF+}
  3402 | D:4      | Noticed Duvessa
  3404 | D:4      | Noticed Dowan
  3417 | D:4      | Killed Duvessa
  3418 | D:4      | Reached XP level 7. HP: 43/46 MP: 4/14
  3420 | D:4      | Killed Dowan
  3614 | D:4      | Reached skill level 7 in Conjurations
  3744 | D:4      | Identified the +0 pair of gloves of the Harvest Moon {rF++
                  | rN+ Dex+6}
  4557 | D:5      | Entered Level 5 of the Dungeon
  4557 | D:5      | Found Zaomowof's Antique Armour Shoppe.
  4579 | D:5      | Found an iron altar of Okawaru.
  4597 | D:5      | Reached skill level 1 in Fighting
  4597 | D:5      | Reached skill level 1 in Armour
  4797 | D:5      | Gained mutation: You regenerate health from kills. [demonic
                  | ancestry]
  4797 | D:5      | Reached XP level 8. HP: 48/55 MP: 10/17
  5095 | D:5      | Found a glowing drain.
  5104 | Sewer    | Entered a sewer
  5622 | D:5      | Found a staircase to the Ecumenical Temple.
  5640 | Temple   | Entered the Ecumenical Temple
  5867 | D:5      | Reached skill level 8 in Conjurations
  6603 | D:6      | Gained mutation: You regenerate a lot of health from kills.
                  | [demonic ancestry]
  6603 | D:6      | Reached XP level 9. HP: 54/65 MP: 13/18
  6643 | D:6      | Found an ancient bone altar of Kikubaaqudgha.
  6868 | D:6      | Identified the +0 robe "Mettepeh" {Archmagi}
  7437 | D:7      | Found a shimmering blue altar of Sif Muna.
  7583 | D:7      | Found Xefir's Distillery.
  7929 | D:8      | Noticed a boulder beetle
  7942 | D:8      | Noticed Maurice
  7956 | D:8      | Something stole a +6 ring of dexterity
  7960 | D:8      | Something stole a +3 short sword of draining
  7963 | D:8      | Killed Maurice
  7972 | D:8      | Reached skill level 5 in Fighting
  7972 | D:8      | Reached skill level 5 in Dodging
  8209 | D:8      | Noticed Jeremiah
  8223 | D:8      | Learned a level 5 spell: Fireball
  8242 | D:8      | Killed Jeremiah
  8243 | D:8      | Reached skill level 9 in Conjurations
  8337 | D:8      | Reached skill level 1 in Fire Magic
  8451 | D:8      | Found a radiant altar of Vehumet.
  8482 | D:8      | Became a worshipper of Vehumet
  9300 | D:9      | Found Baxiesm's General Store.
  9457 | D:9      | Found Omuiss's Magic Scroll Emporium.
  9461 | D:9      | Reached skill level 5 in Armour
  9576 | D:9      | Found Wylid's Armour Emporium.
  9658 | D:9      | Reached XP level 10. HP: 74/74 MP: 9/19
  9701 | D:9      | Reached * piety under Vehumet
  9701 | D:9      | Offered knowledge of Shock by Vehumet.
  9848 | D:9      | Found a staircase to the Orcish Mines.
 10083 | D:9      | Reached skill level 10 in Conjurations
 10245 | D:9      | Offered knowledge of Kiss of Death by Vehumet.
 10562 | D:10     | Entered Level 10 of the Dungeon
 10607 | D:10     | Found a staircase to the Lair.
 10675 | D:10     | Noticed a two-headed ogre
 10684 | D:10     | Killed a two-headed ogre
 10685 | D:10     | Gained mutation: You are mostly covered in razor-sharp
                  | scales. (AC +2, Slay +2) [demonic ancestry]
 10685 | D:10     | Reached XP level 11. HP: 84/84 MP: 13/20
 10886 | D:10     | Reached ** piety under Vehumet
 11002 | D:10     | Found a shimmering altar of Xom.
 11038 | D:10     | Reached skill level 5 in Fire Magic
 11415 | D:10     | Noticed a tengu warrior
 11441 | D:10     | HP: 3/85 [tengu warrior/+0 great sword (6)]
 11442 | D:10     | Killed a tengu warrior
 11781 | Lair:1   | Entered Level 1 of the Lair of Beasts
 11833 | Orc:1    | Entered Level 1 of the Orcish Mines
 12367 | Orc:1    | Noticed an orc sorcerer
 12375 | Orc:1    | Killed an orc sorcerer
 12376 | Orc:1    | Reached skill level 11 in Conjurations
 12490 | Orc:2    | Entered Level 2 of the Orcish Mines
 12495 | Orc:2    | Offered knowledge of Inner Flame by Vehumet.
 12662 | Orc:2    | Noticed a two-headed ogre
 12666 | Orc:2    | Killed a two-headed ogre
 12716 | Orc:2    | Noticed a two-headed ogre
 12744 | Orc:2    | Killed a two-headed ogre
 12865 | Orc:2    | Reached *** piety under Vehumet
 13065 | Orc:2    | Noticed a two-headed ogre
 13069 | Orc:2    | Noticed a two-headed ogre
 13092 | Orc:2    | Killed a two-headed ogre
 13094 | Orc:2    | Killed a two-headed ogre
 13203 | Orc:2    | Upgraded the game from 0.31-a0-801-gc67433417a to
                  | 0.31-a0-816-gd61d57ddb1
 13386 | Orc:2    | Offered knowledge of Flame Wave by Vehumet.
 13509 | Orc:2    | Reached XP level 12. HP: 95/95 MP: 11/21
 13613 | Orc:2    | Slain by an orc knight

Illustrated notes

Levels and vault maps discovered:
D:1:      nicolae_arrival_washed_ashore, layout_rooms, serial_shops,
          nicolae_shop_pleasant_corner_grove, shop,
          nicolae_shop_back_alley_shop, nicolae_diamond_shop
D:2:      layout_loops_corners, minmay_heptomino_d4
D:3:      layout_basic, uniq_sigmund
D:4:      corexii_shack_village, layout_layer_cave, uniq_duvessa
D:5:      wander_river, layout_loops_ring, nicolae_overflow_crystal_walls,
          minmay_temple_entry_statues, serial_shops, shop, portal_sewer_entry_b
D:6:      minmay_flawed_box, layout_basic, mainiacjoe_overflow_24_doors,
          kennysheep_potato
D:7:      layout_loops_ring, amethyst_overflow_temple_binary, serial_shops,
          nicolae_shop_industrial_runoff
D:8:      layout_basic, vehumet_altar_wand_db, uniq_maurice, uniq_jeremiah
D:9:      layout_roguey, david_orc_3, serial_shops, nicolae_shop_tiny_glass,
          kennysheep_mini, shop
D:10:     layout_basic, kb_xom_exploding_sheep, lair_entry_dummy
Temple:   nicolae_temple_elliptical
Lair:1:   layout_concentric_octagons, nicolae_lair_grove_arrangements,
          serial_bayou_shore_b, infiniplex_staircase_pool_2, grunt_megastairs_3,
          uniq_erica
Orc:1:    layout_diamond_mine, basic_altar
Orc:2:    pubby_orc_utopia

Skill      XL: |  1  2  3  4  5  6  7  8  9 10 11 |
---------------+----------------------------------+-----
Spellcasting   | 4 5 6 |  6.0
Conjurations   | 5 6 7 8 9 10 11 | 11.8
Dodging        | 2 4 5 6 |  6.0
Fighting       | 1 3 5 7 9 |  9.3
Armour         | 1 3 5 6 |  6.0
Fire Magic     | 1 4 7 |  7.0
Stealth        | |  1.7

Action                     |  1- 3 |  4- 6 |  7- 9 | 10-12 || total
---------------------------+-------+-------+-------+-------++-------
  Melee: Dagger            |    43 |       |       |       ||    43
         Short sword       |       |    27 |       |       ||    27
         Hand axe          |       |     6 |    93 |   296 ||   395
         Punch             |       |       |     2 |    12 ||    14
  Throw: Throwing net      |       |       |       |     1 ||     1
   Cast: Magic Dart        |    60 |    61 |   203 |    41 ||   365
         Searing Ray       |     2 |     5 |    36 |    31 ||    74
         Fireball          |       |       |       |    50 ||    50
  Evoke: Wand              |       |       |       |     4 ||     4
    Use: Scroll            |     2 |       |     3 |     1 ||     6
         Potion            |     1 |       |     3 |     6 ||    10
   Stab: Sleeping          |       |     1 |     1 |       ||     2
         Distracted        |       |       |     1 |       ||     1
 Armour: Robe              |    17 |    18 |    60 |       ||    95
         Steam dragon scal |       |       |    56 |    69 ||   125
         Troll leather arm |       |       |       |   199 ||   199
  Dodge: Dodged            |    31 |    22 |   110 |   308 ||   471
  Block: Other             |     1 |     9 |    30 |   102 ||   142
         Reflection        |       |       |     1 |     1 ||     2

Table legend: (Time is in decaauts)
 A = Elapsed time spent in this place.
 B = Non-inter-level travel time spent in this place.
 C = Inter-level travel time spent in this place.
 D = Time resting spent in this place.
 E = Time spent auto-exploring this place.
 F = Levels seen in this place.
 G = Mean time per level.
                   A        B        C        D        E       F      G
               +--------+--------+--------+--------+--------+-----+--------+
         Total |  13779 |  13390 |    389 |    276 |  10852 |  15 |  918.6 |
       Dungeon |  11910 |  11528 |    382 |    199 |   9580 |  10 | 1191.0 |
        Temple |      1 |      1 |      0 |      0 |      0 |   1 |    1.0 |
          Lair |      1 |      1 |      0 |      0 |      0 |   1 |    1.0 |
  Orcish Mines |   1618 |   1612 |      6 |     77 |   1074 |   2 |  809.0 |
         Sewer |    248 |    248 |      0 |      0 |    198 |   1 |  248.0 |
               +--------+--------+--------+--------+--------+-----+--------+

Top non-repeatable levels by time:
     D:4: 1587 daAuts
     D:9: 1558 daAuts
     D:8: 1369 daAuts
    D:10: 1259 daAuts
     D:5: 1177 daAuts
     D:3: 1130 daAuts
     D:6: 1121 daAuts
   Orc:2: 1070 daAuts
     D:2: 1040 daAuts
     D:7: 867 daAuts
     D:1: 797 daAuts
   Orc:1: 547 daAuts
   Sewer: 248 daAuts
  Lair:1: 1 daAuts
  Temple: 1 daAuts
